 Dungeon Crawl Stone Soup version 0.20-a0-433-g9e36e56 (webtiles) character file.

51 Kriby the Magician (level 3, -1/24 HPs)
             Began as a Mummy Fire Elementalist on Jan 4, 2017.
             Slain by an adder (4 damage)
             ... on level 2 of the Dungeon.
             The game lasted 00:01:50 (2085 turns).

Kriby the Magician (Mummy Fire Elementalist)        Turns: 2085, Time: 00:01:51

Health: -1/24      AC:  2    Str: 11    XL:     3   Next: 58%
Magic:  5/7        EV: 12    Int: 15    God:
Gold:   38         SH:  0    Dex: 12    Spells: 7/8 levels left

rFire  x . .     SeeInvis .     d - +0 dagger
rCold  + . .     Gourm    .     a - +0 robe
rNeg   + + +     Faith    .     (no shield)
rPois  ∞         Spirit   .     (no helmet)
rElec  .         Reflect  .     (no cloak)
rCorr  .         Harm     .     (no gloves)
MR     .....                    (no boots)
Stlth  ++........               (no amulet)
                                (no ring)
                                (no ring)

@: no status effects
A: no food or potions, fire vulnerability, cold resistance 1, negative energy
resistance 3, torment resistance, unbreathing
a: no special abilities


You were on level 2 of the Dungeon.
You were not hungry.

You visited 1 branch of the dungeon, and saw 2 of its levels.

You collected 38 gold pieces.

Inventory:

Hand Weapons
 d - a +0 dagger (weapon)
Armour
 a - a +0 robe (worn)
Jewellery
 h - an uncursed ring of magical power {unknown}
Scrolls
 c - a scroll of blinking {unknown}
 e - a scroll of identify {unknown}
 f - a scroll of enchant armour {unknown}
 g - a scroll of enchant weapon {unknown}
 i - a scroll of recharging {unknown}
 j - a scroll of remove curse {unknown}
 k - a scroll of teleportation {unknown}
Books
 b - a book of Flames

   Spells                             Type                      Level
   a - Flame Tongue                   Conjuration/Fire             1
   b - Throw Flame                    Conjuration/Fire             2
   c - Conjure Flame                  Conjuration/Fire             3
   d - Inner Flame                    Hexes/Fire                   3
   e - Sticky Flame                   Conjuration/Fire             4
   f - Fireball                       Conjuration/Fire             5


   Skills:
 - Level 1.5 Dodging
 - Level 1.5 Stealth
 + Level 3.2 Spellcasting
 * Level 2.2 Conjurations
 + Level 2.7 Fire Magic


You had 7 spell levels left.
You knew the following spells:

 Your Spells              Type           Power        Failure   Level  Hunger
a - Flame Tongue          Conj/Fire      #....        10%         1    N/A

Dungeon Overview and Level Annotations

Branches:
Dungeon (2/15)

Altars:


Innate Abilities, Weirdness & Mutations

You do not eat or drink.
Your flesh is vulnerable to fire.
You are immune to poison.
Your flesh is cold resistant. (rC+)
You are immune to negative energy. (rN+++)
You are immune to unholy pain and torment.
You can survive without breathing.


Message History

The flame tongue hits the worm.
The worm is lightly wounded.
Casting: Flame Tongue
Confirm with . or Enter, or press ? or * to list all spells.
Aiming: Flame Tongue
Press: ? - help, Shift-Dir - straight line, f/p - worm
Aim: a worm (lightly wounded)
The flame tongue hits the worm.
The worm is heavily wounded.
The worm bites you!
* * * LOW HITPOINT WARNING * * *
The adder closely misses you. The adder barely misses you.
A gnoll comes into view. It is wielding a whip.
A gnoll comes into view. It is wielding a club.
The adder barely misses you.
You see here a quokka corpse.
A gnoll comes into view.
The adder bites you.
You die...

..#.##>....###.#..##..).
..#.##.....###.#...%....
..#....!................
.........#####........#
.........# #.#..#.#.#
.........# #.#....#.##
.......#'# #..........
######....
###..#######...#
##...######@.......#...#
....g....S...........#
.)..##..g.##.#.......##
.. #...†##.#.#......##
#.....>.w.#........
#.......w..........
#....##............
....g.......#........
###....##.#.#........


You could see 3 gnolls and an adder.

Vanquished Creatures
  An adder (D:2)
  2 oozes
  A dart slug (D:1)
  3 bats
  2 giant cockroaches
  6 goblins
  4 hobgoblins (D:1)
  4 kobolds
  A quokka (D:2)
  3 frilled lizards (D:1)
  2 rats (D:1)
29 creatures vanquished.

Notes
Turn   | Place    | Note
-------+----------+-------------------------------------------
     0 | D:1      | Kriby the Mummy Fire Elementalist began the quest for the Orb.
     0 | D:1      | Reached XP level 1. HP: 13/13 MP: 4/4
    48 | D:1      | Reached skill level 1 in Conjurations
   246 | D:1      | Reached XP level 2. HP: 19/19 MP: 3/5
  1004 | D:1      | Reached skill level 3 in Spellcasting
  1263 | D:1      | Reached XP level 3. HP: 21/24 MP: 3/7
  2085 | D:2      | Slain by an adder

Vault maps used:
D:1:      dpeg_chamrin_arrival_tetris

Skill      XL: |  1  2  3 |
---------------+----------+-----
Conjurations   | 1 2 |  2.2
Spellcasting   | 3 |  3.2
Dodging        | |  1.5
Stealth        | |  1.5
Fire Magic     | |  2.7

Action                   || total
-------------------------++-------
Melee: Unarmed           ||     4
       Dagger            ||    15
 Cast: Flame Tongue      ||    61
Armor: Robe              ||     8
Dodge: Dodged            ||    34
